 Dungeon Crawl Stone Soup version 0.23.0-3-gf3c87f2 (webtiles) character file.

Game seed: 16830596624279774589

42 vishdafish the Charmwright (level 3, -1/31 HPs)
             Began as a Gnoll Skald on Feb 22, 2019.
             Slain by a goblin
             ... wielding a +0 spear
              (2 damage)
             ... on level 2 of the Dungeon.
             The game lasted 00:00:58 (951 turns).

vishdafish the Charmwright (Gnoll Skald)             Turns: 951, Time: 00:00:59

Health: -1/31      AC:  3    Str: 13    XL:     3   Next: 56%
Magic:  9/9        EV: 14    Int: 16    God:
Gold:   65         SH:  0    Dex: 14    Spells: 11/12 levels left

rFire    . . .     SeeInvis .   a - +0 falchion
rCold    . . .     Gourm    .   (no shield)
rNeg     . . .     Faith    .   b - +0 leather armour
rPois    .         Spirit   .   (no helmet)
rElec    .         Reflect  .   (no cloak)
rCorr    .         Harm     .   (no gloves)
MR       .....                  (no boots)
Stlth    +.........             (no amulet)
HPRegen  0.10/turn              (no ring)
MPRegen  0.11/turn              (no ring)

@: no status effects
A: distributed training, fangs 1, strong nose
a: no special abilities


You were on level 2 of the Dungeon.
You were not hungry.

You visited 1 branch of the dungeon, and saw 2 of its levels.

You collected 65 gold pieces.

Inventory:

Hand Weapons
 a - a +0 falchion (weapon)
Missiles
 h - 5 tomahawks (quivered)
 k - 8 javelins
Armour
 b - a +0 leather armour (worn)
Jewellery
 m - an uncursed ring of stealth
Scrolls
 c - a scroll of random uselessness {unknown}
 g - a scroll of identify {unknown}
 j - a scroll of magic mapping {unknown}
 l - a scroll of immolation {unknown}
 n - a scroll of amnesia {unknown}
Potions
 e - 2 potions of agility {unknown}
 f - a potion of lignification {unknown}
 i - 2 potions of resistance {unknown}
Comestibles
 d - 3 rations


   Skills:
 + Level 4.5 Fighting
 + Level 0.8 Short Blades
 + Level 4.5 Long Blades
 + Level 0.8 Axes
 + Level 0.8 Maces & Flails
 + Level 0.8 Polearms
 + Level 0.8 Staves
 + Level 0.8 Slings
 + Level 0.8 Bows
 + Level 0.8 Crossbows
 + Level 0.8 Throwing
 + Level 2.6 Armour
 + Level 4.5 Dodging
 + Level 0.8 Stealth
 + Level 0.8 Shields
 + Level 0.8 Unarmed Combat
 + Level 5.0 Spellcasting
 + Level 0.5 Conjurations
 + Level 0.5 Hexes
 + Level 5.4 Charms
 + Level 0.5 Summonings
 + Level 0.5 Necromancy
 + Level 0.5 Translocations
 + Level 0.5 Transmutations
 + Level 0.5 Fire Magic
 + Level 0.5 Ice Magic
 + Level 0.5 Air Magic
 + Level 0.5 Earth Magic
 + Level 0.5 Poison Magic
 + Level 1.0 Invocations
 + Level 0.8 Evocations


You had 11 spell levels left.
You knew the following spells:

 Your Spells              Type           Power        Failure   Level  Hunger
a - Infusion              Chrm           ###.         1%          1    None

Your spell library contained the following spells:

 Spells                   Type           Power        Failure   Level  Hunger
 Song of Slaying          Chrm           ###.....     3%          2    #......
 Shroud of Golubria       Chrm/Tloc      ##........   9%          2    #......
 Regeneration             Chrm/Necr      ##........   17%         3    ###....
 Spectral Weapon          Hex/Chrm       ##......     17%         3    ###....


Dungeon Overview and Level Annotations

Branches:
Dungeon (2/15)

Altars:


Innate Abilities, Weirdness & Mutations

Your experience applies equally to all skills.
You have very sharp teeth.
Your uncanny sense of smell can sniff out nearby items.


Message History

You hit the worm.
The worm is heavily wounded.
The goblin closely misses you. The worm bites you.
You hit the worm but do no damage.
The worm is heavily wounded.
The goblin completely misses you. The worm bites you but does no damage.
You completely miss the worm. You bite the worm.
The worm is heavily wounded.
The goblin hits you from afar with a +0 spear.
The worm barely misses you. The goblin hits you but does no damage.
You hit the worm.
The worm is almost dead.
The worm bites you! The worm bites you. The goblin barely misses you.
You are too injured to fight recklessly!
You are too injured to fight recklessly!
You are too injured to fight recklessly!
The worm bites you!
* * * LOW HITPOINT WARNING * * *
The goblin hits you from afar with a +0 spear.
You die...

....### #.#.#.....#
....# #.........#
....#######.#.....#
.####..........)..####
..............>..#...#
.####.######.###.#...#
# .# #.# #.###.#...#.#
.# #.# ##.##.........
.# #.# #.....@.......
.# #.# #..##w.wg.....
.# #.# #..###w#...#.#
## .# .. #.#...... ##
..#§#.... $#§§§#... .#
# #.. . .# ##


You could see 3 worms and a goblin.

Vanquished Creatures
  An adder (D:2)
  A worm (D:2)
  2 leopard geckos (D:2)
  An orc (D:2)
  3 bats
  2 giant cockroaches
  A goblin (D:1)
  2 hobgoblins
  6 jackals
  A kobold (D:2)
  A frilled lizard (D:1)
  5 rats (D:1)
26 creatures vanquished.

Notes
Turn   | Place    | Note
-------+----------+-------------------------------------------
     0 | D:1      | vishdafish the Gnoll Skald began the quest for the Orb.
     0 | D:1      | Reached XP level 1. HP: 20/20 MP: 6/6
    69 | D:1      | Reached XP level 2. HP: 25/26 MP: 7/7
   749 | D:2      | Reached skill level 5 in Spellcasting
   749 | D:2      | Reached XP level 3. HP: 18/31 MP: 7/9
   911 | D:2      | Reached skill level 1 in Invocations
   951 | D:2      | HP: 1/31 [worm (9)]
   951 | D:2      | Slain by a goblin

Skill      XL: |  1  2  3 |
---------------+----------+-----
Spellcasting   | 5 |  5.0
Invocations    | 1 |  1.0
Fighting       | |  4.5
Short Blades   | |  0.8
Long Blades    | |  4.5
Axes           | |  0.8
Maces & Flails | |  0.8
Polearms       | |  0.8
Staves         | |  0.8
Slings         | |  0.8
Bows           | |  0.8
Crossbows      | |  0.8
Throwing       | |  0.8
Armour         | |  2.6
Dodging        | |  4.5
Stealth        | |  0.8
Shields        | |  0.8
Unarmed Combat | |  0.8
Conjurations   | |  0.5
Hexes          | |  0.5
Charms         | |  5.4
Summonings     | |  0.5
Necromancy     | |  0.5
Translocations | |  0.5
Transmutations | |  0.5
Fire Magic     | |  0.5
Ice Magic      | |  0.5
Air Magic      | |  0.5
Earth Magic    | |  0.5
Poison Magic   | |  0.5
Evocations     | |  0.8

Action                   || total
-------------------------++-------
Melee: Falchion          ||    77
       Bite              ||    11
Armor: Leather armour    ||    23
Dodge: Dodged            ||    66
       Rpst.: Falchion   ||    25
